 Dungeon Crawl Stone Soup version 0.30-a0-728-gc68057be0a (webtiles) character file.

Game seed: 4244999888866581405

7 drugrobin the Sneak (level 1, 0/18 HPs)
             Began as a Demigod Delver on Jan 31, 2023.
             Slain by a human skeleton (5 damage)
             ... on level 5 of the Dungeon.
             The game lasted 00:02:27 (373 turns).

drugrobin the Sneak (Demigod Delver)                 Turns: 373, Time: 00:02:28

Health: 0/18       AC:  3    Str: 13    XL:     1   Next: 66%
Magic:  3/3        EV: 11    Int: 12    God:
Gold:   12         SH:  0    Dex: 15    Spells: 0/0 levels left

rFire   . . .      SeeInvis .      - Unarmed
rCold   . . .      Faith    .    (no shield)
rNeg    . . .      Spirit   .    a - +0 leather armour
rPois   .          Reflect  .    (no helmet)
rElec   .          Harm     .    (no cloak)
rCorr   .          Rampage  .    (no gloves)
Will    .....                    (no boots)
Stlth   +++                      (no amulet)
HPRegen 0.23/turn                (no ring)
MPRegen 0.08/turn                (no ring)

@: marked
A: high MP 1, forlorn, divine attributes
a: no special abilities


You were on level 5 of the Dungeon.
You visited 1 branch of the dungeon, and saw 2 of its levels.
You also visited: Ossuary.

You collected 12 gold pieces.

Inventory:

Hand Weapons
 c - a +0 dagger
Missiles
 i - 6 stones (quivered)
Armour
 a - a +0 leather armour (worn)
Scrolls
 b - a scroll of fog
 d - a scroll of fear
 g - 3 scrolls of butterflies {unknown}
Potions
 e - a potion of haste
 h - a potion of heal wounds {unknown}


   Skills:
 - Level 2.6 Fighting
 - Level 1.7 Dodging
 - Level 4.5 Stealth
 + Level 2.4 Unarmed Combat


You couldn't memorise any spells.
You didn't know any spells.
Your spell library was empty.

Dungeon Overview and Level Annotations

Branches:
Dungeon (5/15)             Temple (0/1) D:5         Ossuary (visited)

Annotations:
D:5 exclusion: gnoll, Sigmund


Innate Abilities, Weirdness & Mutations

You have an increased reservoir of magic. (+10% MP)
You shall have no god before yourself.
Your divine heritage dramatically boosts your attributes as you level up.


Message History

You hear the brisk hiss of an avalanche of sand.
Unknown command.
Unknown command.
Unknown command.
There is an open door here.
There is an open door here.
The human skeleton closely misses you. The human skeleton hits you.
* * * LOW HITPOINT WARNING * * *
There is an open door here.
There is a sand-covered staircase here.
You open the door.
A human skeleton comes into view.
Unknown command.
The human skeleton hits you.
* * * LOW HITPOINT WARNING * * *
The world spins around you as you enter the gateway.
You enter an ossuary!
Found a gate leading back out of this place.
There is an empty arch of ancient stone here.
Unknown command.
Unknown command.
Unknown command.
A centaur zombie comes into view.
Unknown command.
The hobgoblin zombie sets off the alarm!
The alarm trap emits a blaring wail!
A sentinel's mark forms upon you.
There is a gate leading back out of this place here.
Unknown command.
Unknown command.
Unknown command.
Unknown command.
The centaur zombie fails to trigger a net trap.
Level annotation: exclusion: gnoll, Sigmund
There is a collapsed entrance here.
Unknown command.
Unknown command.
The human skeleton hits you.
You die...

*,* #.# *,* #.# *,*
#.# *,* #.# *,* #.#
######### #.#
#Z#.#Z#Z#####.#
#'#'#+#+##....#
#.@...'.##.####
###Z..####.#
#.'...'.##.#
#+#'#'###..########
*,#.#...'..........
*#########....#####
#.###....#####
#....##### ###.##


You could see 2 human skeletons.

Vanquished Creatures
  An ufetubus (D:5)
  A quokka (D:5)
2 creatures vanquished.

Notes
Turn   | Place    | Note
-------+----------+-------------------------------------------
     0 | D:5      | drugrobin the Demigod Delver began the quest for the Orb.
     0 | D:5      | Reached XP level 1. HP: 18/18 MP: 3/3
    69 | D:5      | Noticed Sigmund
   272 | D:5      | Found a sand-covered staircase.
   308 | D:5      | Found a staircase to the Ecumenical Temple.
   368 | Ossuary  | Entered an ossuary
   373 | D:5      | Slain by a human skeleton

Illustrated notes

Levels and vault maps discovered:
D:4:      layout_loops_cross, mainiacjoe_overflow_alcove_1,
          mainiacjoe_overflow_alcove_4, portal_sewer_entry_b,
          minmay_misc_feat_rows
D:5:      layout_loops_ring, minmay_temple_entry_stoned_glass,
          nicolae_ossuary_entry_catacombs, hangedman_decor_riveting,
          grunt_decor_arrowhead, uniq_sigmund

Skill      XL: |  1 |
---------------+----+-----
Unarmed Combat | 2 |  2.4
Fighting       | |  2.6
Dodging        | |  1.7
Stealth        | |  4.5

Action                     || total
---------------------------++-------
  Melee: Unarmed           ||    16
         Punch             ||     1
  Evoke: Wand              ||     3
    Use: Scroll            ||     1
 Armour: Leather armour    ||     3
  Dodge: Dodged            ||    19

Table legend: (Time is in decaauts)
 A = Elapsed time spent in this place.
 B = Non-inter-level travel time spent in this place.
 C = Inter-level travel time spent in this place.
 D = Time resting spent in this place.
 E = Time spent auto-exploring this place.
 F = Levels seen in this place.
 G = Mean time per level.
                   A        B        C        D        E       F      G
               +--------+--------+--------+--------+--------+-----+--------+
         Total |    372 |    286 |     86 |      0 |      0 |   3 |  124.0 |
       Dungeon |    368 |    282 |     86 |      0 |      0 |   2 |  184.0 |
       Ossuary |      3 |      3 |      0 |      0 |      0 |   1 |    3.0 |
               +--------+--------+--------+--------+--------+-----+--------+

Top non-repeatable levels by time:
     D:5: 350 daAuts
     D:4: 17 daAuts
 Ossuary: 3 daAuts
